Map: Baie du Roi EC

Players

ShaDoWn - Winner!

  • Race: Protoss Protoss
  • Spawn Location: 5:00

Vanya

  • Race: Zerg Zerg
  • Spawn Location: 11:00

Event: 2019 WCS Summer

VOD

Have the link to the VOD?

Description

Time

  • Played on: July 12, 2019, 6:20 a.m.
  • Length: 13:02

All games in this series

Show
View Real Time Build Order
Export as new Build Order

ShaDoWn Protoss - Winner!

Build Orders: 1 Gate Expand, Oracle Opening, Archon Immortal 

Get SALT Encoding   

  12  0:00  Probe  
  13  0:12  Probe  
  14  0:19  Pylon  
  14  0:24  Probe  
  15  0:33  Probe  
  15  0:38  Gateway  
  15  0:41  Probe  
  16  0:47  Assimilator  
  17  0:51  Probe  
  18  1:03  Probe  
  19  1:15  Probe  
  20  1:24  Nexus  
  20  1:35  Cybernetics Core  
  20  1:37  Probe  
  21  1:43  Assimilator  
  21  1:49  Probe  
  22  1:54  Pylon  
  22  2:01  Probe  
  22  2:03  Adept  
  23  2:14  Probe  
  26  2:19  Stargate  
  26  2:26  Probe  
  27  2:33  Stalker, Probe  
  27  2:34  Probe  
  30  2:41  Probe, Warp Gate  
  30  2:42  Probe  
  31  2:50  Probe  
  33  2:52  Probe  
  35  3:02  Probe  
  35  3:04  Probe  
  37  3:05  Oracle  
  37  3:10  Probe  
  40  3:13  Pylon  
  40  3:16  Probe  
  40  3:18  Probe  
  42  3:23  Assimilator  
  42  3:24  Assimilator  
  43  3:28  Probe  
  43  3:31  Gateway  
  43  3:32  Probe  
  43  3:33  Oracle  
  45  3:40  Probe  
  46  3:44  Probe  
  50  3:48  Pylon  
  50  3:52  Probe  
  51  3:56  Probe  
  51  3:57  Robotics Facility  
  52  4:05  Probe  
  52  4:06  Pylon  
  52  4:08  Probe  
  54  4:10  Oracle  
  57  4:18  Probe  
  58  4:25  Gateway  
  58  4:27  Forge  
  58  4:29  Sentry x2  
  62  4:33  Pylon  
  62  4:37  Immortal  
  62  4:51  Probe  
  67  4:53  Probe  
  67  4:57  Sentry x2  
  72  5:06  Protoss Ground Weapons Level 1  
  72  5:12  Probe, Nexus  
  72  5:13  Probe  
  74  5:14  Pylon  
  74  5:18  Observer  
  74  5:19  Pylon  
  75  5:24  Probe  
  75  5:26  Probe  
  75  5:27  Pylon  
  77  5:30  Immortal  
  77  5:36  Probe  
  77  5:41  Probe, Twilight Council  
  83  5:44  Shield Battery  
  83  5:48  Probe  
  84  5:54  Probe  
  85  6:03  Probe  
  86  6:06  Probe  
  86  6:08  Pylon  
  86  6:09  Immortal  
  91  6:12  Assimilator  
  91  6:14  Assimilator  
  91  6:15  Probe  
  92  6:22  Charge  
  92  6:23  Gateway  
  92  6:25  Gateway  
  92  6:27  Gateway  
  92  6:28  Templar Archives  
  92  6:30  Probe  
  92  6:31  Probe  
  92  6:32  Probe  
  95  6:40  Probe  
  95  6:42  Probe, Zealot  
  95  6:43  Zealot, Probe  
  102  6:53  Immortal  
  102  6:54  Probe, Phoenix  
  107  6:57  Probe  
  107  7:00  Photon Cannon  
  108  7:07  Shield Battery  
  110  7:11  High Templar x2  
  114  7:17  Archon, Phoenix  
  114  7:20  High Templar x2  
  120  7:24  Photon Cannon  
  120  7:25  Stalker x2, Protoss Ground Weapons Level 2  
  120  7:27  Archon  
  120  7:31  Photon Cannon  
  120  7:32  Pylon  
  120  7:33  Pylon x2  
  120  7:35  Phoenix  
  114  7:51  High Templar  
  114  7:52  High Templar  
  114  7:53  Zealot x2  
  114  7:55  Phoenix  
  114  7:57  Archon  
  118  8:11  Stalker x2  
  116  8:13  Phoenix  
  118  8:25  Pylon  
  118  8:26  Pylon  
  120  8:30  Nexus  
  120  8:33  High Templar x2  
  124  8:37  Phoenix  
  124  8:38  Archon  
  115  8:53  Phoenix  
  111  8:59  Stargate  
  111  9:00  Pylon  
  113  9:03  Photon Cannon  
  113  9:05  Stalker x3  
  119  9:11  Probe  
  119  9:15  Photon Cannon  
  120  9:17  Nexus  
  120  9:18  Phoenix  
  120  9:21  Pylon  
  120  9:24  Pylon  
  123  9:31  Probe  
  121  9:42  High Templar x2, Phoenix  
  121  9:43  Zealot x3  
  133  9:47  Probe x2  
  133  9:48  Gateway  
  133  9:49  Photon Cannon  
  133  9:51  Gateway  
  135  9:53  Photon Cannon, Protoss Ground Weapons Level 3, Gateway  
  135  9:54  Phoenix  
  135  9:55  Pylon  
  133  10:06  Probe x2  
  137  10:10  High Templar x2  
  137  10:11  Zealot  
  143  10:15  Archon  
  143  10:17  Zealot x2  
  127  10:22  Phoenix  
  123  10:31  Archon  
  123  10:34  Zealot  
  125  10:36  Phoenix  
  125  10:39  Probe  
  125  10:42  Assimilator  
  126  10:44  Assimilator  
  124  10:50  Probe  
  124  10:53  High Templar x2  
  124  10:54  High Templar x2  
  124  10:55  Zealot x4  
  134  10:57  Probe x2  
  134  10:58  Probe  
  134  11:02  Probe  
  134  11:04  Psionic Storm  
  138  11:09  Probe  
  137  11:19  High Templar x2  
  137  11:20  Gateway  
  137  11:21  Zealot x2  
  145  11:27  Zealot  
  145  11:28  Gateway x2  
  145  11:29  Pylon  
  145  11:32  Cybernetics Core  
  145  11:36  Nexus  
  145  11:46  Pylon  
  145  11:47  Fleet Beacon  
  145  11:50  High Templar x2  
  147  12:12  Robotics Facility  
  147  12:15  Robotics Facility, Archon  
  147  12:16  Zealot x8  
  136  12:25  Pylon  
  136  12:26  High Templar  
  136  12:27  High Templar x3  
  144  12:31  Archon x2  
  144  12:41  Archon  
  124  12:44  Zealot x7  
  124  12:45  Zealot  
Show
View Real Time Build Order
Export as new Build Order

Vanya Zerg 

Build Orders: Hatch First, Muta Ling Bane 

Get SALT Encoding   

  12  0:01  Drone  
  13  0:13  Overlord  
  13  0:18  Drone  
  14  0:32  Drone x2  
  16  0:49  Hatchery  
  15  0:53  Drone  
  16  0:57  Drone  
  16  1:01  Drone  
  18  1:11  Extractor  
  18  1:16  Spawning Pool  
  16  1:20  Drone  
  16  1:22  Drone  
  18  1:29  Drone  
  19  1:40  Drone  
  20  1:52  Overlord  
  20  2:02  Queen  
  20  2:03  Zergling x4, Queen  
  26  2:13  Drone x2  
  28  2:15  Metabolic Boost  
  28  2:23  Drone x2  
  30  2:38  Hatchery  
  30  2:42  Drone  
  30  2:47  Queen  
  32  2:54  Overlord  
  32  2:55  Drone  
  33  2:59  Drone  
  33  3:00  Drone  
  33  3:03  Drone  
  36  3:12  Drone x2  
  37  3:13  Overlord  
  37  3:14  Drone  
  37  3:17  Drone  
  37  3:18  Drone  
  40  3:24  Overlord  
  40  3:26  Drone x2  
  42  3:28  Drone  
  43  3:35  Drone, Spore Crawler  
  43  3:41  Zergling x4  
  43  3:42  Zergling x2  
  43  3:43  Drone x2  
  48  3:49  Queen  
  48  3:51  Spore Crawler  
  48  3:52  Drone  
  50  3:57  Drone  
  50  4:00  Queen  
  53  4:06  Overlord, Spore Crawler  
  53  4:07  Drone  
  53  4:09  Drone  
  54  4:11  Drone  
  54  4:13  Drone x2  
  54  4:14  Drone  
  58  4:20  Drone x2  
  58  4:22  Overlord  
  60  4:30  Roach Warren  
  59  4:32  Lair  
  59  4:35  Extractor  
  59  4:36  Drone x2, Extractor  
  59  4:39  Drone x2  
  59  4:43  Zergling x6  
  59  4:45  Drone x2  
  63  4:48  Drone  
  63  4:51  Drone  
  66  4:54  Drone  
  66  4:55  Drone x2  
  70  5:00  Drone x3  
  70  5:05  Drone x2  
  74  5:12  Roach x2  
  74  5:13  Roach  
  78  5:15  Extractor  
  78  5:16  Extractor  
  78  5:17  Drone x4, Extractor  
  78  5:18  Overlord  
  79  5:23  Overlord  
  79  5:26  Overlord  
  79  5:34  Drone x5  
  81  5:36  Drone  
  81  5:41  Drone, Spire  
  82  5:46  Roach x2  
  82  5:47  Roach  
  82  5:48  Drone x2  
  82  5:49  Drone  
  91  5:52  Drone  
  92  5:59  Overlord  
  92  6:00  Drone  
  89  6:16  Hatchery  
  88  6:30  Overlord  
  88  6:42  Drone  
  89  6:52  Mutalisk x13  
  115  6:55  Zergling x12  
  121  7:03  Spine Crawler  
  121  7:04  Spine Crawler x2  
  121  7:05  Overlord  
  121  7:07  Mutalisk  
  121  7:17  Drone  
  121  7:18  Extractor  
  121  7:20  Overlord  
  121  7:21  Zerg Flyer Weapons Level 1  
  121  7:23  Overlord  
  121  7:24  Extractor  
  121  7:25  Drone x2  
  121  7:26  Drone x4  
  121  7:27  Drone x3  
  121  7:29  Mutalisk x3  
  131  7:33  Drone  
  131  7:34  Overlord  
  136  7:38  Mutalisk  
  136  7:39  Mutalisk  
  140  7:52  Mutalisk x2  
  140  7:53  Baneling Nest  
  140  7:54  Evolution Chamber, Overlord  
  140  7:56  Zergling x6  
  145  8:04  Mutalisk  
  145  8:05  Mutalisk x2  
  151  8:11  Mutalisk  
  151  8:14  Drone  
  151  8:15  Drone  
  151  8:16  Mutalisk  
  155  8:22  Drone, Zerg Melee Weapons Level 1  
  155  8:23  Drone  
  155  8:26  Overlord  
  157  8:32  Hatchery  
  157  8:34  Mutalisk x3  
  148  8:57  Mutalisk x3  
  148  8:59  Zergling x12, Roach x4  
  148  9:00  Roach x3  
  174  9:11  Centrifical Hooks  
  174  9:14  Zergling x2  
  174  9:15  Zergling x2  
  175  9:17  Overlord x3  
  175  9:20  Baneling  
  175  9:21  Baneling x14  
  175  9:37  Zergling x8, Roach x3  
  175  9:38  Zergling x4, Roach x3  
  189  9:41  Ravager  
  189  9:42  Ravager x3  
  189  9:45  Glial Reconstitution  
  192  9:46  Zergling x2  
  192  9:47  Zergling x10  
  192  9:49  Overlord  
  186  10:02  Zergling x8, Roach x3  
  186  10:07  Hydralisk Den, Ravager x3  
  186  10:16  Zergling x8, Roach x3  
  177  10:25  Zergling x4  
  177  10:26  Zergling x2, Roach x3  
  171  10:30  Zergling x2, Roach x2  
  171  10:34  Zergling x2  
  141  10:36  Zergling x2  
  141  10:40  Zergling x4, Roach  
  142  10:43  Hydralisk x3  
  142  10:47  Baneling  
  142  10:48  Baneling x11  
  133  10:50  Hydralisk  
  133  10:51  Zergling x2  
  131  10:58  Grooved Spines  
  131  10:59  Hydralisk x2  
  135  11:10  Hydralisk x3  
  141  11:14  Hydralisk x2  
  141  11:16  Drone x2  
  147  11:21  Hydralisk x2  
  147  11:23  Hydralisk  
  147  11:25  Zergling x2  
  154  11:27  Baneling x2  
  154  11:28  Baneling x2  
  154  11:33  Hydralisk x3  
  160  11:41  Hydralisk x4  
  160  11:45  Baneling x6  
  168  11:51  Baneling x4  
  168  11:53  Baneling, Hydralisk x2  
  170  11:54  Zergling x4  
  174  12:04  Hydralisk x3  
  174  12:06  Drone x4  
  174  12:07  Drone  
  180  12:12  Hydralisk x2  
  180  12:13  Hydralisk  
  181  12:21  Zergling x14  
  181  12:25  Baneling x3  
  175  12:40  Zergling x2  
  153  12:44  Zergling x6  
Tags
 
Add a new tag
Caveats
  • Supply blocks, unpowered buildings, or Contaminate may cause inaccurate times.
  • Supply counts are checked every 10 seconds.